TOP OF THE 1ST |
Hogsmeade Cauldrons batting - Pitching for Belleville Bulls : RHP António Fabián
|
Pitching: RHP António Fabián
|
|
Batting: SHB Emílio Gonzáles
|
0-0: Ball 1-0: Foul Ball, location: 2F 1-1: Ball 2-1: Foul Ball, location: 2F 2-2: Ball 3-2: Foul Ball, location: 2F 3-2: Ground out 4-3 (Groundball, 4M)
|
Batting: RHB Héctor Cantú
|
0-0: Ball 1-0: Foul Ball, location: 2F 1-1: Ball 2-1: SINGLE (Flyball, 7S)
|
Batting: SHB Fernando Sánchez
|
0-0: Fly out, F5 (Popup, 25F)
|
Batting: RHB Raúl Reyna
|
Pickoff Throw to First - Out!
|
Top of the 1st over - 0 run(s), 1 hit(s), 0 error(s), 0 left on base; Hogsmeade 0 - Belleville 0 |
BOTTOM OF THE 1ST |
Belleville Bulls batting - Pitching for Hogsmeade Cauldrons : RHP Juan Cantú
|
Pitching: RHP Juan Cantú
|
|
Batting: RHB Gabriel López
|
0-0: Swinging Strike 0-1: Ball 1-1: Ball 2-1: Called Strike 2-2: Ground out 6-3 (Groundball, 6M)
|
Batting: RHB Felipe Gonzáles
|
0-0: Ball 1-0: SINGLE (Flyball, 89S)
|
Batting: RHB Noel Wells
|
0-0: Ball 1-0: Swinging Strike 1-1: Ball 2-1: Foul Ball, location: 2F 2-2: Foul Ball, location: 2F 2-2: Fly out, F9 (Flyball, 89M)
|
Batting: RHB José Icaza
|
0-0: SINGLE (Line Drive, 34D) Felipe Gonzáles to second
|
Batting: LHB Manuel Sánchez
|
0-0: Fly out, F8 (Flyball, 78M)
|
Bottom of the 1st over - 0 run(s), 2 hit(s), 0 error(s), 2 left on base; Hogsmeade 0 - Belleville 0 |
TOP OF THE 2ND |
Hogsmeade Cauldrons batting - Pitching for Belleville Bulls : RHP António Fabián
|
Batting: RHB Raúl Reyna
|
0-0: Foul Ball, location: 2F 0-1: Fly out, F8 (Flyball, 89S)
|
Batting: RHB Ernesto Souza
|
0-0: Ball 1-0: Ball 2-0: Called Strike 2-1: Foul Ball, location: 2F 2-2: Strikes out swinging
|
Batting: RHB Reynaldo Pérez
|
0-0: Ball 1-0: Called Strike 1-1: Swinging Strike 1-2: Strikes out swinging
|
Top of the 2nd over - 0 run(s), 0 hit(s), 0 error(s), 0 left on base; Hogsmeade 0 - Belleville 0 |
BOTTOM OF THE 2ND |
Belleville Bulls batting - Pitching for Hogsmeade Cauldrons : RHP Juan Cantú
|
Batting: RHB Paddy Hodnett
|
0-0: Ball 1-0: Ball 2-0: Ball 3-0: Base on Balls
|
Batting: RHB Jaime Ramírez
|
0-0: Ball 1-0: Ball 2-0: Swinging Strike 2-1: Swinging Strike 2-2: Strikes out looking
|
Batting: RHB Henry Mann
|
0-0: Swinging Strike 0-1: Called Strike 0-2: Strikes out swinging
|
Batting: RHB Ángel Rosa
|
0-0: Called Strike 0-1: Foul Ball, location: 2F 0-2: Foul Ball, location: 2F 0-2: Ball 1-2: Ball 2-2: Ball 3-2: Fly out, F8 (Flyball, 89M)
|
Bottom of the 2nd over - 0 run(s), 0 hit(s), 0 error(s), 1 left on base; Hogsmeade 0 - Belleville 0 |
TOP OF THE 3RD |
Hogsmeade Cauldrons batting - Pitching for Belleville Bulls : RHP António Fabián
|
Batting: RHB Miguel Torres
|
0-0: Ground out 6-3 (Groundball, 6)
|
Batting: LHB Jim Unknown
|
0-0: Called Strike 0-1: Called Strike 0-2: Ball 1-2: Foul Ball, location: 2F 1-2: Strikes out swinging
|
Batting: RHB Jim Unknown
|
0-0: Ball 1-0: Called Strike 1-1: Foul Ball, location: 2F 1-2: Ball 2-2: Foul Ball, location: 2F 2-2: SINGLE (Line Drive, 56D)
|
Batting: SHB Emílio Gonzáles
|
0-0: Called Strike 0-1: Ball 1-1: Ball 2-1: Foul Ball, location: 2F 2-2: Ball 3-2: Reached on Error, E8 (Flyball, 8LM) Jim Unknown to third
|
Batting: RHB Héctor Cantú
|
0-0: Called Strike 0-1: Ball 1-1: Ball 2-1: Ball 3-1: Base on Balls
|
Batting: SHB Fernando Sánchez
|
0-0: Swinging Strike 0-1: Foul Ball, location: 2F 0-2: Foul Ball, location: 2F 0-2: Ground out 4-3 (Groundball, 4)
|
Top of the 3rd over - 0 run(s), 1 hit(s), 1 error(s), 3 left on base; Hogsmeade 0 - Belleville 0 |
BOTTOM OF THE 3RD |
Belleville Bulls batting - Pitching for Hogsmeade Cauldrons : RHP Juan Cantú
|
Batting: RHB Gabriel López
|
0-0: Ground out 6-3 (Groundball, 6M)
|
Batting: RHB Felipe Gonzáles
|
0-0: Called Strike 0-1: Foul Ball, location: 2F 0-2: Ball 1-2: Strikes out swinging
|
Batting: RHB Noel Wells
|
0-0: Ball 1-0: Called Strike 1-1: Foul Ball, location: 2F 1-2: Strikes out swinging, 2-3 out at first.
|
Bottom of the 3rd over - 0 run(s), 0 hit(s), 0 error(s), 0 left on base; Hogsmeade 0 - Belleville 0 |
TOP OF THE 4TH |
Hogsmeade Cauldrons batting - Pitching for Belleville Bulls : RHP António Fabián
|
Batting: RHB Raúl Reyna
|
0-0: Ball 1-0: Ball 2-0: Ball 3-0: Base on Balls
|
Batting: RHB Ernesto Souza
|
0-0: Called Strike 0-1: Grounds into double play, U6-3 (Groundball, 6M)
|
Batting: RHB Reynaldo Pérez
|
0-0: Foul Ball, location: 2F 0-1: Called Strike 0-2: Strikes out swinging
|
Top of the 4th over - 0 run(s), 0 hit(s), 0 error(s), 0 left on base; Hogsmeade 0 - Belleville 0 |
BOTTOM OF THE 4TH |
Belleville Bulls batting - Pitching for Hogsmeade Cauldrons : RHP Juan Cantú
|
Batting: RHB José Icaza
|
0-0: SINGLE (Groundball, 6MD)
|
Batting: LHB Manuel Sánchez
|
0-0: Ball 1-0: Called Strike 1-1: Ball 2-1: Ball 3-1: Foul Ball, location: 2F 3-2: Foul Ball, location: 2F 3-2: Strikes out swinging
|
Batting: RHB Paddy Hodnett
|
0-0: Called Strike 0-1: Foul Ball, location: 2F 0-2: SINGLE (Groundball, 5L) José Icaza to second
|
Batting: RHB Jaime Ramírez
|
0-0: Called Strike 0-1: Swinging Strike 0-2: Foul Ball, location: 2F 0-2: Ball 1-2: Fly out, F9 (Flyball, 9M)
|
Batting: RHB Henry Mann
|
0-0: Called Strike 0-1: Foul Ball, location: 2F 0-2: Ball 1-2: Ball 2-2: Strikes out looking
|
Bottom of the 4th over - 0 run(s), 2 hit(s), 0 error(s), 2 left on base; Hogsmeade 0 - Belleville 0 |
TOP OF THE 5TH |
Hogsmeade Cauldrons batting - Pitching for Belleville Bulls : RHP António Fabián
|
Batting: RHB Miguel Torres
|
0-0: Ball 1-0: Ball 2-0: Foul Ball, location: 2F 2-1: Fly out, F9 (Flyball, 9M)
|
Batting: LHB Jim Unknown
|
0-0: Ball 1-0: Swinging Strike 1-1: Ground out 6-3 (Groundball, 6M)
|
Batting: RHB Jim Unknown
|
0-0: Swinging Strike 0-1: Called Strike 0-2: Strikes out looking
|
Top of the 5th over - 0 run(s), 0 hit(s), 0 error(s), 0 left on base; Hogsmeade 0 - Belleville 0 |
BOTTOM OF THE 5TH |
Belleville Bulls batting - Pitching for Hogsmeade Cauldrons : RHP Juan Cantú
|
Batting: RHB Ángel Rosa
|
0-0: Ball 1-0: Swinging Strike 1-1: Called Strike 1-2: Strikes out swinging
|
Batting: RHB Gabriel López
|
0-0: Swinging Strike 0-1: Foul Ball, location: 2F 0-2: Ball 1-2: Strikes out swinging
|
Batting: RHB Felipe Gonzáles
|
0-0: Ball 1-0: Called Strike 1-1: Called Strike 1-2: SINGLE (Groundball, 4MD)
|
Batting: RHB Noel Wells
|
0-0: Ball 1-0: Ball 2-0: Ball 3-0: Called Strike 3-1: Foul Ball, location: 2F 3-2: Ground out 3-1 (Groundball, 34)
|
Bottom of the 5th over - 0 run(s), 1 hit(s), 0 error(s), 1 left on base; Hogsmeade 0 - Belleville 0 |
TOP OF THE 6TH |
Hogsmeade Cauldrons batting - Pitching for Belleville Bulls : RHP António Fabián
|
Batting: SHB Emílio Gonzáles
|
0-0: Swinging Strike 0-1: Foul Ball, location: 2F 0-2: Ball 1-2: Foul Ball, location: 2F 1-2: Ball 2-2: Foul Ball, location: 2F 2-2: Ball 3-2: Foul Ball, location: 2F 3-2: SINGLE (Line Drive, 5D)
|
Batting: RHB Héctor Cantú
|
0-0: Called Strike 0-1: Ball 1-1: Ball 2-1: Bunted foul 2-2: SINGLE (Line Drive, 7S) Emílio Gonzáles to second
|
Batting: SHB Fernando Sánchez
|
0-0: Ball 1-0: Grounds into double play, 4-6-3 (Groundball, 4) Emílio Gonzáles to third
|
Batting: RHB Raúl Reyna
|
0-0: Ball 1-0: Foul Ball, location: 2F 1-1: Called Strike 1-2: Fly out, F9 (Flyball, 9D)
|
Top of the 6th over - 0 run(s), 2 hit(s), 0 error(s), 1 left on base; Hogsmeade 0 - Belleville 0 |
BOTTOM OF THE 6TH |
Belleville Bulls batting - Pitching for Hogsmeade Cauldrons : RHP Juan Cantú
|
Batting: RHB José Icaza
|
0-0: Ball 1-0: Foul Ball, location: 2F 1-1: Foul Ball, location: 2F 1-2: Foul Ball, location: 2F 1-2: Fly out, F9 (Popup, 9M)
|
Batting: LHB Manuel Sánchez
|
0-0: Swinging Strike 0-1: Swinging Strike 0-2: Foul Ball, location: 2F 0-2: Ball 1-2: Foul Ball, location: 2F 1-2: Ball 2-2: Ball 3-2: Strikes out swinging
|
Batting: RHB Paddy Hodnett
|
0-0: Ground out 4-3 (Groundball, 4)
|
Bottom of the 6th over - 0 run(s), 0 hit(s), 0 error(s), 0 left on base; Hogsmeade 0 - Belleville 0 |
TOP OF THE 7TH |
Hogsmeade Cauldrons batting - Pitching for Belleville Bulls : RHP António Fabián
|
Batting: RHB Ernesto Souza
|
0-0: Ball 1-0: Fly out, F7 (Flyball, 7M)
|
Pinch Hitting: RHB Jim Unknown
|
0-0: Called Strike 0-1: Swinging Strike 0-2: Ball 1-2: Ball 2-2: Ball 3-2: Base on Balls
|
Batting: RHB Miguel Torres
|
0-0: Ball 1-0: Foul Ball, location: 2F 1-1: Foul Ball, location: 2F 1-2: Foul Ball, location: 2F 1-2: Foul Ball, location: 2F 1-2: Grounds into double play, 5-4-3 (Groundball, 56)
|
Top of the 7th over - 0 run(s), 0 hit(s), 0 error(s), 0 left on base; Hogsmeade 0 - Belleville 0 |
BOTTOM OF THE 7TH |
Belleville Bulls batting - Pitching for Hogsmeade Cauldrons : RHP Juan Cantú
|
Now at 3B: Jim Unknown
|
|
Pinch Hitting: SHB Jim Unknown
|
0-0: Ball 1-0: Ground out 4-3 (Groundball, 4M)
|
Batting: RHB Henry Mann
|
0-0: Called Strike 0-1: Ball 1-1: Foul Ball, location: 2F 1-2: Foul Ball, location: 2F 1-2: Ball 2-2: Fly out, F9 (Line Drive, 9M)
|
Batting: RHB Ángel Rosa
|
0-0: Swinging Strike 0-1: SINGLE (Groundball, 34D)
|
Pitching: RHP Jim Unknown
|
|
Pinch Hitting: LHB Jim Unknown
|
0-0: Ball 1-0: Foul Ball, location: 2F 1-1: Ball 2-1: Fly out, F9 (Flyball, 89M)
|
Bottom of the 7th over - 0 run(s), 1 hit(s), 0 error(s), 1 left on base; Hogsmeade 0 - Belleville 0 |
TOP OF THE 8TH |
Hogsmeade Cauldrons batting - Pitching for Belleville Bulls : RHP António Fabián
|
Now at 2B: Jim Unknown
|
|
Now at SS: Jim Unknown
|
|
Batting: LHB Jim Unknown
|
0-0: Swinging Strike 0-1: SINGLE (Flyball, 78M)
|
Batting: RHB Jim Unknown
|
0-0: Ball 1-0: Bunted foul 1-1: Bunted foul 1-2: Ball 2-2: Foul Ball, location: 2F 2-2: Strikes out looking
|
Batting: SHB Emílio Gonzáles
|
0-0: Ball Jim Unknown is caught stealing 2nd base 1-0: Swinging Strike 1-1: Foul Ball, location: 2F 1-2: Ball 2-2: Fly out, F4 (Popup, 4MD)
|
Top of the 8th over - 0 run(s), 1 hit(s), 0 error(s), 0 left on base; Hogsmeade 0 - Belleville 0 |
BOTTOM OF THE 8TH |
Belleville Bulls batting - Pitching for Hogsmeade Cauldrons : RHP Jim Unknown
|
Batting: RHB Felipe Gonzáles
|
0-0: Called Strike 0-1: Ball 1-1: Ball 2-1: Foul Ball, location: 2F 2-2: Strikes out swinging
|
Batting: RHB Noel Wells
|
0-0: Foul Ball, location: 2F 0-1: Foul Ball, location: 2F 0-2: Ball 1-2: Foul Ball, location: 2F 1-2: Strikes out swinging
|
Batting: RHB José Icaza
|
0-0: Called Strike 0-1: Swinging Strike 0-2: Fly out, F8 (Flyball, 89D)
|
Bottom of the 8th over - 0 run(s), 0 hit(s), 0 error(s), 0 left on base; Hogsmeade 0 - Belleville 0 |
TOP OF THE 9TH |
Hogsmeade Cauldrons batting - Pitching for Belleville Bulls : RHP António Fabián
|
Pinch Hitting: RHB Jim Unknown
|
0-0: Foul Ball, location: 2F 0-1: Ground out 5-3 (Groundball, 56S)
|
Pinch Hitting: RHB Héctor Casas
|
0-0: Called Strike 0-1: Ball 1-1: Foul Ball, location: 2F 1-2: Ball 2-2: Ball 3-2: Strikes out swinging
|
Batting: RHB Raúl Reyna
|
0-0: Ball 1-0: Foul Ball, location: 2F 1-1: Foul Ball, location: 2F 1-2: Strikes out looking
|
Top of the 9th over - 0 run(s), 0 hit(s), 0 error(s), 0 left on base; Hogsmeade 0 - Belleville 0 |
BOTTOM OF THE 9TH |
Belleville Bulls batting - Pitching for Hogsmeade Cauldrons : RHP Jim Unknown
|
Pitching: LHP Jim Unknown
|
|
Now at C: Héctor Casas
|
|
Now at 1B: Jim Unknown
|
|
Pinch Hitting: RHB Alberto Blanco
|
0-0: Ball 1-0: Foul Ball, location: 2F 1-1: Ground out 5-3 (Groundball, 5)
|
Batting: RHB Paddy Hodnett
|
0-0: Foul Ball, location: 2F 0-1: Ball 1-1: Foul Ball, location: 2F 1-2: Ball 2-2: Fly out, F9 (Flyball, 89XD)
|
Batting: SHB Jim Unknown
|
0-0: Called Strike 0-1: Ball 1-1: Foul Ball, location: 2F 1-2: Ball 2-2: Strikes out swinging
|
Bottom of the 9th over - 0 run(s), 0 hit(s), 0 error(s), 0 left on base; Hogsmeade 0 - Belleville 0 |
TOP OF THE 10TH |
Hogsmeade Cauldrons batting - Pitching for Belleville Bulls : RHP António Fabián
|
Now in RF: Rafael Delgado
|
|
Batting: RHB Ernesto Souza
|
0-0: Ball 1-0: Foul Ball, location: 2F 1-1: Swinging Strike 1-2: Ball 2-2: Strikes out looking
|
Batting: RHB Jim Unknown
|
0-0: DOUBLE (Line Drive, 78M)
|
Pitching: RHP Rafael Peralta
|
|
Batting: RHB Miguel Torres
|
0-0: Called Strike 0-1: Ball 1-1: Foul Ball, location: 2F 1-2: Foul Ball, location: 2F 1-2: Ball 2-2: Ball 3-2: Strikes out swinging
|
Batting: LHB Jim Unknown
|
0-0: Ball 1-0: Ball 2-0: Ball 3-0: Base on Balls
|
Batting: RHB Jim Unknown
|
0-0: Called Strike 0-1: Foul Ball, location: 2F 0-2: Ball 1-2: Ball 2-2: Ball 3-2: DOUBLE (Line Drive, 78M) Jim Unknown scores Jim Unknown to third Jim Unknown scores
|
Batting: SHB Emílio Gonzáles
|
0-0: Foul Ball, location: 2F 0-1: Ball 1-1: Swinging Strike 1-2: Fly out, F9 (Flyball, 9S)
|
Top of the 10th over - 2 run(s), 2 hit(s), 0 error(s), 1 left on base; Hogsmeade 2 - Belleville 0 |
BOTTOM OF THE 10TH |
Belleville Bulls batting - Pitching for Hogsmeade Cauldrons : LHP Jim Unknown
|
Batting: RHB Henry Mann
|
0-0: Called Strike 0-1: Foul Ball, location: 2F 0-2: Ball 1-2: Strikes out swinging
|
Batting: RHB Ángel Rosa
|
0-0: Swinging Strike 0-1: Ground out 5-3 (Groundball, 5L)
|
Batting: RHB Jim Unknown
|
0-0: Ball 1-0: Called Strike 1-1: SINGLE (Line Drive, 7S)
|
Batting: RHB Felipe Gonzáles
|
0-0: Foul Ball, location: 2F 0-1: Ball 1-1: Ball 2-1: Ball 3-1: Swinging Strike 3-2: Foul Ball, location: 2F 3-2: Strikes out looking
|
Bottom of the 10th over - 0 run(s), 1 hit(s), 0 error(s), 1 left on base; Hogsmeade 2 - Belleville 0 |
|